 Dungeon Crawl Stone Soup version 0.28-a0-224-g76b539d98b (webtiles) character file.

Game seed: 6480559333288046661

7322 Sweetruy1997 the Transmogrifier (level 10, -11/80 HPs)
             Began as a Green Draconian Fire Elementalist on Aug 17, 2021.
             Was a Believer of Sif Muna.
             Mangled by Harold (14 damage)
             ... on level 9 of the Dungeon on Aug 21, 2021.
             The game lasted 00:41:40 (11653 turns).

Sweetruy1997 the Transmogrifier (DrFE)             Turns: 11653, Time: 00:41:41

Health: -11/80     AC:  8    Str: 10    XL:     10   Next: 90%
Magic:  10/22      EV: 16    Int: 17    God:    Sif Muna [**....]
Gold:   236        SH:  0    Dex: 14    Spells: 2/25 levels left

rFire   + . .      SeeInvis .   f - staff of conjuration
rCold   . . .      Faith    .   (no shield)
rNeg    . . .      Spirit   .   (armour unavailable)
rPois   +          Reflect  .   (helmet restricted)
rElec   .          Harm     .   (no cloak)
rCorr   .          Rampage  .   (no gloves)
Will    .....                   j - +0 pair of boots
Stlth   ++........              x - amulet of magic regeneration
HPRegen 0.23/turn               c - ring of protection from fire
MPRegen 0.43/turn               e - +4 ring of evasion

@: short of breath, marked, slowed, very slow
A: breathe noxious fumes, AC +7, unfitting armour, poison resistance,
cold-blooded
a: Breathe Noxious Fumes, Renounce Religion, Channel Magic


You were on level 9 of the Dungeon.
You worshipped Sif Muna.
Sif Muna was pleased with you.
You visited 2 branches of the dungeon, and saw 10 of its levels.

You collected 542 gold pieces.
You spent 306 gold pieces at shops.

Inventory:

Missiles
 o - 4 javelins
 z - 3 boomerangs
Armour
 j - a +0 pair of boots (worn)
 A - a +2 kite shield
 D - a +0 cloak
Magical Staves
 f - a staff of conjuration (weapon)
 u - a staff of poison
Jewellery
 c - a ring of protection from fire (left hand)
 e - a +4 ring of evasion (right hand)
 i - a ring of ice
 x - an amulet of magic regeneration (around neck)
Wands
 a - a wand of iceblast (27)
 B - a wand of flame (12)
 E - a wand of charming (11)
Scrolls
 d - 3 scrolls of amnesia
 g - 3 scrolls of teleportation
 m - a scroll of magic mapping
 n - a scroll of holy word
 s - a scroll of fear {unknown}
 w - a scroll of torment {unknown}
 y - a scroll of enchant armour {unknown}
 C - a scroll of blinking {unknown}
Potions
 b - a potion of resistance {unknown}
 h - a potion of berserk rage {unknown}
 k - 6 potions of heal wounds
 l - 2 potions of flight
 p - a potion of curing {unknown}
 q - a potion of attraction {unknown}
 r - 2 potions of might
 t - 2 potions of magic {unknown}
 v - a potion of haste {unknown}
 F - a potion of cancellation


   Skills:
 + Level 4.9 Fighting
 - Level 0.2 Short Blades
 + Level 6.2 Staves
 + Level 0.1 Throwing
 - Level 2.0 Dodging
 - Level 2.0 Stealth
 - Level 8.0 Spellcasting
 - Level 4.0 Conjurations
 + Level 1.6 Summonings
 + Level 1.1 Necromancy
 + Level 9.4 Transmutations
 - Level 5.0 Fire Magic
 - Level 2.0 Air Magic
 - Level 4.0 Poison Magic


You had 2 spell levels left.
You knew the following spells:

 Your Spells              Type           Power      Damage    Failure   Level
a - Foxfire               Conj/Fire      100%       2x1d9     1%          1
b - Magic Dart            Conj           100%       1d8       1%          1
c - Sting                 Tmut/Pois      100%       1d8       1%          1
d - Conjure Flame         Conj/Fire      33%        6-21      4%          3
e - Poisonous Vapours     Pois/Air       34%        N/A       4%          2
f - Call Imp              Summ           12%        N/A       9%          2
g - Mephitic Cloud        Conj/Pois/Air  27%        N/A       8%          3
h - Searing Ray           Conj           62%        3d5       3%          2
i - Wereblood             Tmut           39%        N/A       1%          2
j - Sticky Flame          Conj/Fire      33%        2d5       16%         4
k - Sublimation of Blood  Necr           5%         N/A       10%         2

Your spell library contained the following spells:

 Spells                   Type           Power      Damage    Failure   Level
 Inner Flame              Hex/Fire       15%        N/A       11%         3
 Ice Form                 Ice/Tmut       22%        N/A       14%         4
 Olgreb's Toxic Radiance  Pois           20%        N/A       21%         4
 Summon Guardian Golem    Hex/Summ       9%         N/A       22%         3
 Frozen Ramparts          Ice            12%        1d3       30%         3
 Fulminant Prism          Conj/Hex       10%        3d9       41%         4
 Iskenderun's Mystic Bla  Conj/Tloc      20%        2d6       41%         4
 Fireball                 Conj/Fire      16%        3d8       41%         5
 Summon Ice Beast         Ice/Summ       9%         N/A       58%         4
 Lee's Rapid Deconstruct  Erth           3%         3d6*      96%         5
 Orb of Destruction       Conj           15%        9d7       100%        7
 Spellforged Servitor     Conj/Summ      12%        N/A       100%        7
 Summon Hydra             Summ           6%         N/A       100%        7


Dungeon Overview and Level Annotations

Branches:
Dungeon (9/15)             Temple (1/1) D:6
   Lair: D:8-11         Orc: D:9-12

Altars:
Ashenzari
Cheibriados
Dithmenos
Fedhas
Gozag
Hepliaklqana
Kikubaaqudgha
Makhleb
Nemelex Xobeh
Okawaru
Qazlal
Ru
Sif Muna
Trog
Uskayaw
Vehumet
Wu Jian
Xom
Yredelemnul
Zin
The Shining One

Shops:
D:9 *

Annotations:
D:9 Harold


Innate Abilities, Weirdness & Mutations

You can breathe blasts of noxious fumes.
Your lurid green scales are hard. (AC +7)
You cannot fit into any form of body armour.
Your system is resistant to poisons. (rPois)
You are cold-blooded and may be slowed by cold attacks.


Message History

Harold completely misses you.
Casting: Searing Ray (safe; 3% risk of failure)
Confirm with . or Enter, or press ? or * to list all spells.
Aiming: Searing Ray (safe; 3% risk of failure)
Press: ? - help, Shift-Dir - straight line, f/p - Harold
Aim: Harold, wielding a +2 war axe of freezing, wearing a +0 chain mail, quivering 3 throwing nets and carrying a wand of iceblast (9) (heavily wounded, 90% to hit)
You feel a surge of power!
The searing ray hits Harold!
Harold is heavily wounded. (Press . to maintain the ray.) Harold hits you with a +2 war axe of freezing!
Harold freezes you.
The searing ray hits Harold.
Harold is severely wounded.
Harold hits you with a +2 war axe of freezing!
Harold freezes you.
The searing ray hits Harold.
Harold is severely wounded.
Harold hits you with a +2 war axe of freezing.
Harold freezes you.
The searing ray hits Harold.
Harold is severely wounded.
You finish channeling your searing ray.
Harold hits you with a +2 war axe of freezing!!
* * * LOW HITPOINT WARNING * * *
Harold freezes you!
* * * LOW HITPOINT WARNING * * *
A troll comes into view.
There is an open door here.
Harold throws a throwing net.
The throwing net hits you.
You become entangled in the net!
You see here a throwing net.
You struggle against the net.
You tear a large gash into the net.
Harold hits you with a +2 war axe of freezing.
* * * LOW HITPOINT WARNING * * *
You feel yourself slow down. Harold freezes you.
* * * LOW HITPOINT WARNING * * *
You shred the net and break free!
Harold hits you with a +2 war axe of freezing!
You die...

# # ############# ###
#...........# #.. ..
#..)........####..
....######...........##....
....')).##...........#..#..
#.K#...........#.##..
##T@@..∩.......'.##..
###...........####..
#^....####'## #..
##########.# #.. ##.÷.# ###
#..### # #########'### #
#...........# #####.......#


You could see Harold, a troll and a kobold.

Vanquished Creatures
  Erica (D:9)
  A two-headed ogre (D:9)
  A cyclops (D:7)
  A kobold demonologist (D:9)
  9 yaks
  2 wyverns
  A steam dragon (D:6)
  A black bear (D:4)
  2 ice beasts (D:7)
  3 necrophages
  2 orc warriors (D:7)
  3 ogres
  2 centaurs
  3 bullfrogs
  15 kobold brigands
  3 scorpions
  A wyvern zombie (D:7)
  A gnoll sergeant (D:8)
  A water moccasin skeleton (D:5)
  7 killer bees (D:7)
  5 wights (D:8)
  A centaur zombie (D:6)
  3 hounds
  An orc priest (D:8)
  A centaur skeleton (D:6)
  Jessica (D:3)
  3 iguanas
  Ijyb (D:4)
  6 orc wizards
  A howler monkey zombie (D:7)
  3 gnolls (D:8)
  11 adders
  2 shadow imps
  A white imp (D:5)
  An adder skeleton (D:5)
  2 dart slugs
  26 orcs
  8 bats
  7 endoplasms
  2 giant cockroaches
  5 hobgoblins
  6 jackals
  3 quokkas
  12 ball pythons
  4 frilled lizards
  5 goblins
  24 kobolds
  5 rats
210 creatures vanquished.

Vanquished Creatures (others)
  259 foxfires
259 creatures vanquished.

Grand Total: 469 creatures vanquished

Notes
Turn   | Place    | Note
-------+----------+-------------------------------------------
     0 | D:1      | Sweetruy1997 the Draconian Fire Elementalist began the
                  | quest for the Orb.
     0 | D:1      | Reached XP level 1. HP: 14/14 MP: 3/3
   239 | D:1      | Reached XP level 2. HP: 20/20 MP: 3/5
   629 | D:1      | Upgraded the game from 0.28-a0-172-g787e458d71 to
                  | 0.28-a0-224-g76b539d98b
   787 | D:1      | Learned a level 1 spell: Magic Dart
   875 | D:1      | Learned a level 1 spell: Sting
   908 | D:1      | Found a faded altar of an unknown god.
  1131 | D:1      | Reached XP level 3. HP: 26/26 MP: 0/6
  1190 | D:1      | Learned a level 3 spell: Conjure Flame
  2379 | D:2      | Reached XP level 4. HP: 33/33 MP: 5/8
  2630 | D:3      | Reached skill level 1 in Staves
  3016 | D:3      | Reached XP level 5. HP: 39/39 MP: 5/9
  3046 | D:3      | Noticed Jessica
  3050 | D:3      | Killed Jessica
  3160 | D:3      | Learned a level 2 spell: Poisonous Vapours
  3163 | D:3      | Learned a level 2 spell: Call Imp
  3408 | D:4      | Noticed a black bear
  3425 | D:4      | Killed a black bear
  3426 | D:4      | Reached XP level 6. HP: 19/46 MP: 1/10
  3628 | D:4      | Noticed Ijyb
  3634 | D:4      | Killed Ijyb
  3635 | D:4      | Reached skill level 1 in Fighting
  4606 | D:5      | Entered Level 5 of the Dungeon
  4798 | D:5      | Reached skill level 5 in Fire Magic
  4798 | D:5      | Your scales start taking on a lurid green colour.
  4798 | D:5      | Reached skill level 1 in Poison Magic
  4798 | D:5      | Reached XP level 7. HP: 52/52 MP: 2/11
  4798 | D:5      | Gained mutation: Your system is resistant to poisons.
                  | (rPois) [Green Draconian growth]
  5082 | D:5      | Reached skill level 1 in Summonings
  5155 | D:5      | Reached skill level 1 in Air Magic
  5377 | D:5      | Reached skill level 1 in Transmutations
  5907 | D:6      | Noticed a steam dragon
  5935 | D:6      | Killed a steam dragon
  5936 | D:6      | Reached skill level 2 in Transmutations
  5950 | D:6      | Reached XP level 8. HP: 25/61 MP: 2/12
  6189 | D:6      | Learned a level 3 spell: Mephitic Cloud
  6304 | D:6      | Reached skill level 3 in Transmutations
  6850 | D:6      | Found a staircase to the Ecumenical Temple.
  6856 | Temple   | Entered the Ecumenical Temple
  6905 | Temple   | Became a worshipper of Sif Muna the Loreminder
  7250 | D:7      | Reached skill level 4 in Transmutations
  7509 | D:7      | Learned a level 2 spell: Searing Ray
  7610 | D:7      | Reached skill level 5 in Transmutations
  7798 | D:7      | Reached skill level 5 in Spellcasting
  7798 | D:7      | Reached XP level 9. HP: 64/68 MP: 8/16
  7820 | D:7      | Learned a level 2 spell: Wereblood
  8115 | D:7      | Reached * piety under Sif Muna
  8485 | D:7      | Noticed a cyclops
  8497 | D:7      | Killed a cyclops
  8498 | D:7      | Reached skill level 6 in Transmutations
  8823 | D:8      | Reached skill level 5 in Staves
  9351 | D:8      | Reached XP level 10. HP: 71/78 MP: 11/21
  9479 | D:8      | Identified the +1 leather armour of Pibbud Atzu {rElec
                  | Dex+8 SInv Stlth-}
  9516 | D:8      | Learned a level 4 spell: Sticky Flame
  9519 | D:8      | Learned a level 2 spell: Sublimation of Blood
 10020 | D:9      | Noticed Erica
 10029 | D:9      | Killed Erica
 10030 | D:9      | Reached skill level 7 in Transmutations
 10221 | D:9      | Noticed a two-headed ogre
 10237 | D:9      | Killed a two-headed ogre
 10619 | D:9      | Reached skill level 8 in Transmutations
 10635 | D:9      | Noticed an orange demon
 10802 | D:9      | Reached skill level 1 in Necromancy
 10903 | D:9      | Reached ** piety under Sif Muna
 11407 | D:9      | Reached skill level 9 in Transmutations
 11610 | D:9      | Found Cylonu's Commerce Corner.
 11618 | D:9      | Bought a +0 cloak for 54 gold pieces
 11618 | D:9      | Bought a wand of charming (11) for 156 gold pieces
 11618 | D:9      | Bought a potion of cancellation for 96 gold pieces
 11626 | D:9      | Noticed Harold
 11652 | D:9      | HP: 4/80 [Harold (3)]
 11653 | D:9      | Mangled by Harold

Illustrated notes

Levels and vault maps discovered:
D:1:      sevenhm_arrival_forest_fort_large_2, layout_loops_ring,
          shapermc_ecumenical_altar_flowoftime, minmay_misc_feat_diagonals
D:2:      minmay_evil_eye, layout_basic, kennysheep_generic_room_7
D:3:      layout_rooms, uniq_jessica
D:4:      layout_gridville, nicolae_underground_beach, uniq_ijyb
D:5:      layout_loops_cross
D:6:      layout_basic, temple_statues, chequers_serial_rivers_micro_a
D:7:      layout_loops_corners, roderic_nine_men_s_morris
D:8:      layout_basic
D:9:      layout_roguey [special_room_kobold], serial_aquarium,
          aquarium_bridge_straight [aquarium_subvault_bridge,
          aquarium_subvault_window, aquarium_subvault_bridge,
          aquarium_subvault_window], aquarium_window_2, aquarium_window_fake,
          aquarium_view_2c, aquarium_view_4, aquarium_pool_five,
          grunt_decor_one_mirror, nicolae_alphabet_shops, uniq_erica,
          uniq_harold
Temple:   compressed_dpeg_triangle_lava_temple

Skill      XL: |  1  2  3  4  5  6  7  8  9 10 |
---------------+-------------------------------+-----
Dodging        | 2 |  2.0
Spellcasting   | 3 5 7 8 |  8.0
Staves         | 1 2 3 5 6 |  6.2
Stealth        | 2 |  2.0
Conjurations   | 2 3 4 |  4.0
Fire Magic     | 4 5 |  5.0
Fighting       | 1 2 3 4 |  4.9
Poison Magic   | 1 3 4 |  4.0
Summonings     | 1 |  1.6
Air Magic      | 2 |  2.0
Transmutations | 2 5 6 9 |  9.4
Necromancy     | 1 |  1.1
Short Blades   | |  0.2
Throwing       | |  0.1

Action                   |  1- 3 |  4- 6 |  7- 9 | 10-12 || total
-------------------------+-------+-------+-------+-------++-------
Melee: Dagger            |    32 |       |       |       ||    32
       Unarmed           |     6 |       |       |       ||     6
       Tailslap          |     4 |     7 |    21 |     5 ||    37
       Staff             |    17 |    33 |   180 |    76 ||   306
Throw: Javelin           |       |       |       |     1 ||     1
 Cast: Foxfire           |    56 |    84 |    26 |     1 ||   167
       Magic Dart        |    14 |       |     2 |    19 ||    35
       Sting             |     3 |     3 |   121 |    93 ||   220
       Call Imp          |       |     2 |     1 |       ||     3
       Poisonous Vapours |       |     4 |     9 |     8 ||    21
       Searing Ray       |       |       |    13 |    11 ||    24
       Sublimation of Bl |       |       |       |     4 ||     4
       Sticky Flame      |       |       |       |     2 ||     2
 Abil: Breathe Noxious F |       |       |    18 |     8 ||    26
  Use: Scroll            |       |     5 |     4 |     1 ||    10
 Stab: Confused          |       |       |     4 |       ||     4
Armor: Skin              |    22 |    13 |    67 |    32 ||   134
Dodge: Dodged            |    46 |    54 |   242 |    93 ||   435

Table legend: (Time is in decaauts)
 A = Elapsed time spent in this place.
 B = Non-inter-level travel time spent in this place.
 C = Inter-level travel time spent in this place.
 D = Time resting spent in this place.
 E = Time spent auto-exploring this place.
 F = Levels seen in this place.
 G = Mean time per level.
                   A        B        C        D        E       F      G
               +--------+--------+--------+--------+--------+-----+--------+
         Total |  11662 |  11433 |    229 |   1825 |   7733 |  10 | 1166.2 |
       Dungeon |  11385 |  11175 |    210 |   1825 |   7494 |   9 | 1265.0 |
        Temple |    277 |    258 |     19 |      0 |    239 |   1 |  277.0 |
               +--------+--------+--------+--------+--------+-----+--------+

Top non-repeatable levels by time:
     D:9: 1632 daAuts
     D:1: 1537 daAuts
     D:7: 1440 daAuts
     D:8: 1361 daAuts
     D:6: 1328 daAuts
     D:4: 1206 daAuts
     D:5: 1007 daAuts
     D:2: 982 daAuts
     D:3: 887 daAuts
  Temple: 277 daAuts
